Map: Acropolis LE

Players

MooEsqoo

  • Race: Protoss Protoss
  • Spawn Location: 5:00

Cheater 1 (Vision) - Winner!

  • Race: Zerg Zerg
  • Spawn Location: 11:00

VOD

Have the link to the VOD?

Description

Time

  • Played on: Jan. 2, 2020, 8:54 p.m.
  • Length: 18:33
Show
View Real Time Build Order
Export as new Build Order

MooEsqoo Protoss 

Build Orders:  

Get SALT Encoding   

  12  0:02  Probe  
  13  0:14  Pylon  
  13  0:19  Probe  
  14  0:31  Probe  
  15  0:39  Gateway  
  15  0:53  Probe, Assimilator  
  16  1:13  Probe  
  17  1:25  Probe  
  17  1:29  Cybernetics Core  
  17  1:32  Pylon  
  17  1:43  Assimilator  
  17  1:44  Probe (Chrono Boost)  
  19  1:54  Probe (Chrono Boost)  
  19  1:59  Probe (Chrono Boost)  
  19  2:00  Zealot  
  22  2:10  Probe  
  23  2:16  Nexus  
  23  2:18  Warp Gate  
  23  2:25  Probe  
  24  2:34  Stalker (Chrono Boost)  
  26  2:37  Probe  
  27  2:56  Stalker (Chrono Boost)  
  29  3:01  Gateway  
  29  3:06  Shield Battery  
  29  3:10  Probe  
  30  3:24  Pylon  
  30  3:28  Stalker (Chrono Boost)  
  32  3:37  Probe x2  
  36  3:49  Probe x2, Stalker (Chrono Boost)  
  40  3:56  Sentry (Chrono Boost)  
  40  4:01  Probe x2  
  34  4:37  Stalker x2  
  29  5:01  Stalker x2  
  29  5:23  Pylon  
  29  5:30  Stalker x2  
  31  5:53  Stalker  
  31  5:54  Sentry  
  31  6:20  Stalker x2  
  33  6:31  Probe  
  33  6:32  Probe  
  35  6:40  Gateway  
  35  6:42  Gateway  
  35  6:44  Probe x2, Gateway  
  35  6:46  Forge  
  37  6:50  Pylon  
  37  6:56  Stalker x2  
  41  7:09  Probe x2  
  43  7:18  Twilight Council  
  43  7:21  Probe  
  43  7:22  Probe  
  45  7:24  Stargate  
  45  7:27  Protoss Ground Weapons Level 1 (Chrono Boost)  
  45  7:31  Robotics Facility  
  45  7:41  Assimilator  
  45  7:42  Stalker x3  
  45  7:43  Stalker x2  
  55  7:47  Charge (Chrono Boost)  
  55  7:49  Probe x2  
  57  8:01  Probe x2  
  59  8:09  Assimilator  
  59  8:14  Probe x2  
  59  8:17  Sentry  
  59  8:19  Zealot x2  
  67  8:20  Zealot  
  67  8:25  Pylon  
  67  8:26  Probe, Pylon  
  70  8:28  Pylon  
  70  8:30  Pylon  
  70  8:43  Probe, Shield Battery  
  70  8:45  Shield Battery  
  71  8:48  Nexus  
  71  8:50  Zealot x4  
  79  8:56  Oracle (Chrono Boost)  
  82  9:09  Assimilator  
  82  9:12  Assimilator  
  82  9:14  Probe x2  
  84  9:26  Probe x2  
  84  9:30  Immortal (Chrono Boost)  
  84  9:31  Void Ray  
  91  9:49  Stalker  
  91  9:50  Stalker x3  
  69  10:07  Stalker  
  71  10:31  Shield Battery  
  71  10:34  Probe x3  
  74  10:40  Protoss Ground Weapons Level 2 (Chrono Boost)  
  74  10:45  Templar Archives  
  74  10:46  Probe x3  
  74  10:47  Immortal (Chrono Boost)  
  81  10:56  Void Ray  
  85  11:04  Sentry x2  
  85  11:09  Zealot x3  
  95  11:18  Gateway, Warp Prism  
  95  11:21  Pylon  
  95  11:23  Pylon  
  95  11:24  Pylon  
  97  11:27  Probe x3  
  100  11:39  Probe x3  
  103  11:45  Void Ray  
  107  11:51  Probe x3  
  110  11:55  Observer  
  110  11:56  High Templar x2  
  110  11:57  High Templar x2  
  110  11:59  High Templar  
  110  12:00  Archon  
  121  12:01  Archon  
  121  12:13  High Templar  
  123  12:18  Archon  
  80  12:55  Stalker x5  
  80  12:56  Stalker  
  90  13:21  High Templar x3  
  90  13:22  High Templar x3  
  90  13:25  Archon  
  90  13:26  Archon x2  
  102  13:35  Gateway  
  102  13:36  Gateway  
  102  13:39  Protoss Ground Weapons Level 3 (Chrono Boost)  
  102  13:40  Gateway x2  
  102  13:44  Gateway  
  102  13:47  Gateway  
  102  13:50  Pylon  
  102  13:52  Pylon  
  102  13:54  Pylon  
  100  13:56  Pylon  
  100  13:58  Pylon  
  78  14:08  High Templar x3  
  78  14:09  High Templar x2  
  69  14:11  Zealot  
  69  14:12  Archon x2  
  71  14:27  Probe  
  71  14:30  Immortal (Chrono Boost)  
  72  14:34  Void Ray  
  80  14:39  High Templar x2  
  80  14:40  Zealot x5  
  80  14:41  Zealot  
  80  14:43  Archon  
  96  14:46  High Templar  
  96  14:49  Zealot x3  
  96  14:52  Archon  
  104  15:03  Pylon  
  104  15:08  Shield Battery  
  104  15:11  High Templar x2  
  104  15:12  Zealot x6  
  104  15:13  Zealot  
  122  15:15  Archon  
  122  15:28  High Templar  
  124  15:30  High Templar  
  124  15:31  Zealot  
  124  15:34  Archon  
  127  15:49  Zealot x2  
  103  15:50  Zealot x6  
  103  15:51  Zealot x2  
  89  16:10  Probe  
  90  16:15  High Templar x2  
  90  16:16  High Templar x2  
  90  16:17  High Templar  
  100  16:19  High Templar  
  100  16:20  Zealot x2  
  100  16:21  Zealot x4  
  100  16:23  Archon x2  
  100  16:24  Archon  
  114  16:45  Nexus  
  114  16:47  Assimilator  
  114  16:50  Assimilator  
  114  16:52  Pylon  
  114  16:55  Forge  
  114  17:08  Pylon  
  114  17:10  Pylon  
  114  17:12  Immortal (Chrono Boost)  
  118  17:19  Void Ray  
  122  17:44  High Templar  
  122  17:45  High Templar  
  122  17:46  Zealot x2  
  122  17:47  Zealot x4  
  122  17:48  Zealot x4  
  122  17:49  Archon  
  143  18:16  Zealot x2  
  143  18:17  Zealot x6  
  143  18:18  Zealot x4  
Show
View Real Time Build Order
Export as new Build Order

Cheater 1 (Vision) Zerg - Winner!

Build Orders: Pool First 

Get SALT Encoding   

  12  0:00  Drone  
  13  0:12  Overlord  
  13  0:16  Drone  
  14  0:31  Drone  
  15  0:38  Spawning Pool  
  15  0:41  Drone  
  15  0:45  Drone  
  15  0:49  Drone  
  17  0:53  Extractor  
  17  0:56  Drone  
  17  1:06  Drone  
  18  1:17  Drone  
  19  1:27  Queen  
  19  1:28  Roach Warren  
  19  1:29  Drone  
  21  1:38  Zergling x2  
  22  1:50  Overlord  
  22  2:00  Overlord  
  22  2:11  Roach  
  24  2:21  Roach  
  26  2:24  Hatchery  
  25  2:32  Drone  
  25  2:34  Roach x2  
  25  2:35  Roach  
  34  2:44  Roach  
  34  2:54  Overlord  
  34  3:06  Roach x2  
  40  3:12  Roach  
  40  3:17  Roach  
  42  3:27  Roach  
  44  3:35  Roach  
  44  3:38  Overlord, Roach x2  
  44  3:39  Roach  
  52  3:54  Extractor  
  52  3:55  Zergling x2, Extractor  
  52  3:56  Drone  
  52  3:57  Drone  
  48  4:20  Lair  
  48  4:22  Zergling x2  
  45  4:25  Drone  
  45  4:28  Drone  
  45  4:32  Drone  
  45  4:34  Drone  
  45  4:38  Drone  
  48  4:41  Drone  
  48  4:44  Drone  
  48  4:47  Drone  
  48  4:51  Drone  
  46  4:55  Drone  
  46  4:58  Drone  
  46  5:01  Drone  
  46  5:04  Drone  
  46  5:07  Drone  
  49  5:10  Zergling x2  
  49  5:13  Drone  
  50  5:15  Drone  
  50  5:18  Drone  
  52  5:22  Hydralisk Den  
  52  5:23  Drone  
  52  5:25  Overlord  
  52  5:27  Drone  
  53  5:30  Drone  
  54  5:38  Drone  
  54  5:40  Drone  
  56  5:44  Drone, Roach, Infestation Pit  
  58  5:50  Overlord  
  58  5:51  Hydralisk  
  58  5:54  Hydralisk  
  62  6:00  Hydralisk  
  62  6:02  Drone  
  65  6:11  Drone  
  62  6:13  Drone  
  62  6:16  Drone, Roach  
  62  6:17  Drone  
  63  6:23  Drone, Roach  
  62  6:34  Roach x2  
  62  6:35  Evolution Chamber  
  65  6:44  Overlord, Drone  
  65  6:45  Extractor, Hatchery  
  64  6:47  Infestor  
  64  6:48  Drone, Roach  
  67  6:55  Zergling x2  
  67  6:56  Zergling x2  
  67  7:03  Zerg Ground Armor Level 1  
  67  7:06  Drone x2  
  69  7:15  Ravager  
  70  7:16  Overseer  
  70  7:17  Drone, Roach  
  70  7:20  Drone, Zergling x2, Ravager, Roach  
  70  7:21  Spire  
  77  7:28  Zergling x2  
  77  7:29  Drone  
  79  7:38  Infestor  
  79  7:39  Overlord  
  81  7:50  Spine Crawler, Roach  
  82  7:54  Pneumatized Carapace  
  82  7:55  Spine Crawler  
  82  7:56  Zergling x2  
  82  7:57  Zergling x2, Drone, Roach x2  
  88  7:59  Overlord  
  88  8:06  Extractor  
  88  8:07  Drone, Roach  
  88  8:08  Evolution Chamber  
  88  8:10  Drone  
  90  8:13  Metabolic Boost  
  90  8:18  Zergling x2, Drone  
  92  8:21  Overlord  
  92  8:24  Zergling x4, Drone  
  95  8:29  Drone  
  95  8:30  Drone  
  95  8:32  Drone  
  95  8:33  Zerg Melee Weapons Level 1  
  98  8:38  Evolution Chamber  
  98  8:39  Drone  
  98  8:40  Drone  
  99  8:42  Mutalisk, Hatchery  
  100  8:50  Drone  
  100  8:51  Overlord  
  100  8:53  Drone  
  100  8:55  Zergling x2, Drone x2  
  105  8:57  Zerg Missile Weapons Level 1  
  105  9:01  Drone  
  106  9:03  Drone  
  106  9:04  Drone  
  108  9:11  Overlord  
  108  9:12  Zerg Ground Armor Level 2  
  108  9:14  Drone  
  108  9:15  Drone  
  110  9:22  Drone  
  111  9:24  Drone  
  111  9:25  Drone  
  111  9:26  Spore Crawler  
  111  9:27  Mutalisk x2, Drone  
  117  9:33  Overlord  
  117  9:36  Glial Reconstitution, Mutalisk, Drone  
  120  9:42  Spore Crawler  
  120  9:44  Drone  
  118  9:47  Drone x2  
  107  9:54  Zergling x2, Drone  
  107  9:57  Mutalisk, Queen  
  107  9:58  Zergling x4  
  107  9:59  Drone  
  108  10:05  Roach  
  108  10:06  Zergling x2  
  98  10:08  Roach  
  98  10:09  Roach  
  93  10:15  Roach  
  93  10:16  Roach  
  93  10:18  Overseer, Hydralisk  
  93  10:19  Hydralisk  
  101  10:25  Hydralisk  
  101  10:26  Spine Crawler, Drone  
  101  10:28  Extractor  
  102  10:29  Mutalisk  
  102  10:30  Drone, Zergling x4, Extractor  
  102  10:31  Infestor  
  102  10:32  Spine Crawler  
  102  10:33  Ravager  
  108  10:36  Zergling x2  
  108  10:37  Drone  
  108  10:39  Ravager  
  108  10:41  Roach  
  108  10:42  Drone  
  114  10:46  Extractor  
  114  10:47  Drone  
  114  10:48  Drone  
  114  10:49  Zerg Melee Weapons Level 2, Queen  
  117  10:51  Hydralisk  
  117  10:52  Overlord  
  119  10:58  Drone  
  119  10:59  Drone  
  119  11:01  Queen, Hydralisk x2  
  119  11:02  Zergling x2, Roach  
  119  11:03  Burrow  
  130  11:05  Drone  
  130  11:09  Infestor  
  130  11:10  Zergling x2  
  134  11:12  Overlord  
  134  11:15  Drone  
  135  11:19  Drone, Spore Crawler  
  135  11:20  Roach, Spore Crawler  
  135  11:23  Drone  
  137  11:26  Roach  
  137  11:30  Infestor, Roach  
  137  11:31  Overlord, Spine Crawler, Infestor, Hydralisk  
  146  11:33  Zerg Missile Weapons Level 2  
  146  11:34  Drone  
  146  11:35  Hydralisk  
  146  11:36  Roach  
  151  11:49  Overlord  
  151  12:00  Roach  
  153  12:01  Hydralisk  
  153  12:02  Hydralisk, Roach  
  153  12:04  Spine Crawler  
  153  12:05  Drone  
  153  12:06  Spine Crawler  
  153  12:07  Overlord  
  153  12:08  Drone, Roach  
  159  12:09  Overseer  
  159  12:13  Overseer  
  161  12:20  Hydralisk x2  
  165  12:26  Hatchery  
  165  12:27  Hydralisk  
  165  12:28  Overlord, Drone  
  165  12:30  Zergling x2, Mutalisk  
  165  12:31  Zergling x2  
  165  12:32  Zergling x4, Mutalisk  
  165  12:33  Zergling x2  
  165  12:34  Zergling x6  
  165  12:35  Mutalisk  
  165  12:36  Mutalisk  
  165  12:38  Mutalisk  
  165  12:39  Mutalisk  
  165  12:42  Roach  
  165  12:43  Roach x2  
  156  12:46  Roach  
  156  12:51  Roach x2  
  151  12:53  Hydralisk x3  
  151  12:54  Infestor x2  
  151  12:57  Zergling x4  
  147  13:06  Ravager x2, Roach  
  147  13:07  Roach  
  147  13:09  Hive  
  153  13:28  Spore Crawler  
  153  13:29  Drone  
  153  13:32  Drone, Spore Crawler  
  153  13:36  Spine Crawler  
  153  13:37  Drone  
  153  13:39  Spore Crawler  
  153  13:40  Drone  
  153  13:42  Spine Crawler  
  153  13:43  Drone  
  153  13:44  Queen  
  153  13:45  Extractor  
  153  13:47  Drone  
  155  13:52  Queen  
  155  13:53  Roach  
  155  13:54  Zergling x4, Roach x2, Spore Crawler  
  155  13:55  Overlord, Overseer, Zergling x2, Drone  
  161  13:57  Zergling x2  
  161  13:58  Spine Crawler, Zergling x2  
  161  13:59  Drone  
  161  14:00  Zergling x2  
  161  14:01  Spore Crawler  
  161  14:02  Drone  
  147  14:04  Infestor  
  147  14:07  Spore Crawler  
  147  14:09  Drone  
  145  14:21  Zerg Melee Weapons Level 3, Zerg Missile Weapons Level 3  
  145  14:27  Roach  
  145  14:29  Roach  
  145  14:31  Roach  
  151  14:33  Hydralisk  
  151  14:35  Hydralisk  
  155  14:44  Spine Crawler, Drone  
  155  14:50  Roach x2  
  155  14:51  Ravager, Roach  
  155  14:52  Roach  
  164  14:54  Ravager  
  164  14:55  Roach  
  164  14:58  Hatchery  
  166  15:00  Drone  
  166  15:05  Overlord, Roach  
  169  15:09  Roach  
  169  15:10  Roach  
  169  15:13  Roach x2  
  177  15:15  Hydralisk x2  
  177  15:19  Viper, Lair  
  177  15:21  Viper  
  184  15:22  Infestor  
  184  15:24  Overlord  
  184  15:26  Spine Crawler  
  184  15:27  Drone  
  187  15:29  Lurker Den, Roach  
  187  15:32  Drone  
  187  15:34  Hydralisk x2  
  191  15:39  Infestor  
  191  15:40  Zergling x2, Infestor  
  191  15:41  Zergling x4  
  191  15:42  Zergling x2  
  190  15:43  Zergling x4  
  175  15:50  Spine Crawler  
  175  15:51  Drone, Hydralisk  
  175  15:52  Spine Crawler, Hydralisk  
  175  15:53  Drone, Hydralisk x2  
  165  15:58  Roach  
  165  15:59  Infestor, Roach  
  165  16:00  Roach  
  165  16:01  Overseer  
  165  16:02  Overlord, Infestor  
  146  16:05  Roach x2  
  139  16:13  Ravager x2, Roach  
  139  16:14  Roach  
  145  16:18  Roach  
  145  16:21  Roach x2  
  145  16:22  Overlord, Roach x2  
  145  16:23  Roach x3  
  145  16:25  Overseer x2, Roach  
  163  16:27  Hydralisk  
  163  16:29  Lurker, Hydralisk  
  163  16:31  Hydralisk  
  170  16:33  Hydralisk  
  170  16:39  Hydralisk x2  
  172  16:40  Overlord  
  172  16:42  Hydralisk  
  178  17:00  Overlord  
  178  17:02  Pathogen Glands  
  178  17:07  Queen  
  180  17:09  Lurker, Hydralisk  
  183  17:17  Spore Crawler  
  183  17:18  Overlord, Drone  
  183  17:21  Lurker, Ravager, Hydralisk, Spore Crawler  
  183  17:22  Ravager, Drone  
  188  17:24  Roach  
  188  17:25  Roach  
  188  17:26  Lurker, Hydralisk  
  195  17:32  Hatchery  
  195  17:34  Drone  
  195  17:38  Infestor  
  195  17:40  Infestor  
  195  17:41  Zergling x2  
  200  17:49  Baneling Nest  
  200  17:51  Drone  
  200  17:55  Spore Crawler  
  200  17:57  Drone  
  200  18:14  Roach  
  199  18:23  Ultralisk Cavern  
Tags
 
Matchup
PvZ
Opening
Pool First
Spawn Locations
Cross Positions
Add a new tag
Caveats
  • Supply blocks, unpowered buildings, or Contaminate may cause inaccurate times.
  • Supply counts are checked every 10 seconds.